 Dungeon Crawl Stone Soup version 0.21.1-1-g345015f (webtiles) character file.

91 snakesoul the Skirmisher (level 4, -3/37 HPs)
             Began as a Demonspawn Fighter on June 24, 2018.
             Killed by nerve-wracking pain
             ... invoked by tidbits's ghost
              (12 damage)
             ... on level 3 of the Dungeon.
             The game lasted 00:02:31 (2145 turns).

snakesoul the Skirmisher (Demonspawn Fighter)       Turns: 2145, Time: 00:02:32

Health: -3/37      AC:  6    Str: 17    XL:     4   Next: 33%
Magic:  4/4        EV:  7    Int:  9    God:
Gold:   74         SH:  9    Dex: 13    Spells: 3/3 levels left

rFire    . . .     SeeInvis .   a - +0 trident
rCold    . . .     Gourm    .   c - +0 shield
rNeg     . . .     Faith    .   b - +0 scale mail
rPois    .         Spirit   .   (no helmet)
rElec    .         Reflect  .   (no cloak)
rCorr    .         Harm     .   (no gloves)
MR       .....                  (no boots)
Stlth    ..........             (no amulet)
HPRegen  0.12/turn              (no ring)
MPRegen  0.09/turn              (no ring)

@: no status effects
A: claws 1, rot immunity
a: no special abilities


You were on level 3 of the Dungeon.
You were not hungry.

You visited 1 branch of the dungeon, and saw 3 of its levels.

You collected 74 gold pieces.

Inventory:

Hand Weapons
 a - a +0 trident (weapon)
Armour
 b - a +0 scale mail (worn)
 c - a +0 shield (worn)
Jewellery
 h - an uncursed ring of protection from cold {unknown}
 j - an uncursed ring of ice {unknown}
Scrolls
 d - a scroll of teleportation {unknown}
 e - 2 scrolls of magic mapping {unknown}
 g - a scroll of random uselessness {unknown}
 i - a scroll of enchant weapon {unknown}
 k - 3 scrolls of amnesia {unknown}
 l - 2 scrolls of remove curse {unknown}
 m - 2 scrolls of identify {unknown}
 o - a scroll of blinking {unknown}
Potions
 n - a potion of might
 p - a potion of cancellation {unknown}
 q - 2 potions of mutation {unknown}
 r - a potion of degeneration {unknown}
 s - a potion of heal wounds {unknown}
Comestibles
 f - 9 rations
 t - 2 chunks of flesh


   Skills:
 + Level 3.6 Fighting
 * Level 3.2 Polearms
 - Level 2.6 Armour
 + Level 3.2 Shields


You had 3 spell levels left.
You didn't know any spells.

Dungeon Overview and Level Annotations

Branches:
Dungeon (3/15)

Altars:
Ashenzari

Annotations:
D:3 tidbits's ghost, weakling GnNe


Innate Abilities, Weirdness & Mutations

You have sharp fingernails.
You are immune to rotting.


Message History

You hit tidbits's ghost but do no damage.
Tidbits's ghost is almost destroyed.
Tidbits's ghost gestures at you while chanting.
Pain shoots through your body!
* * * LOW HITPOINT WARNING * * *
You are too injured to fight recklessly!
You are too injured to fight recklessly!
You hit tidbits's ghost but do no damage.
Tidbits's ghost is almost destroyed.
Tidbits's ghost gestures at you while chanting.
You barely resist.
Your shield and scale mail prevent you from hitting tidbits's ghost.
Tidbits's ghost is almost destroyed.
Tidbits's ghost hits you.
* * * LOW HITPOINT WARNING * * *
You closely miss tidbits's ghost.
Tidbits's ghost is almost destroyed.
Tidbits's ghost gestures at you while chanting.
Pain shoots through your body!
You die...

#.... ..#.####
...#.
(..#..#......#
....#.###....#.#
......#.....##<#
#.#..#.###....#
.......#.....##
#....#.###.#
##.#....#(..#
#....W@.#..#####.#
#..###...........#
# #####.#######
#.# #.# #.# ..#
###


You could see tidbits's ghost.

Vanquished Creatures
  Robin (D:2)
  3 adders
  3 worms (D:2)
  3 dart slugs
  A leopard gecko (D:2)
  2 bats (D:2)
  2 giant cockroaches
  6 goblins
  7 hobgoblins
  A quokka (D:2)
  3 frilled lizards (D:1)
  4 kobolds
  4 rats
40 creatures vanquished.

Notes
Turn   | Place    | Note
-------+----------+-------------------------------------------
     0 | D:1      | snakesoul the Demonspawn Fighter began the quest for the Orb.
     0 | D:1      | Reached XP level 1. HP: 18/18 MP: 1/1
   273 | D:1      | Gained mutation: You are immune to rotting. [demonic ancestry]
   273 | D:1      | Reached XP level 2. HP: 17/24 MP: 2/2
   399 | D:1      | Found a shattered altar of Ashenzari.
   785 | D:2      | Noticed Robin
   812 | D:2      | Gained mutation: You have sharp fingernails. [demonic ancestry]
   812 | D:2      | Reached XP level 3. HP: 3/29 MP: 3/3
   814 | D:2      | Killed Robin
  1460 | D:2      | Reached XP level 4. HP: 30/35 MP: 4/4
  2132 | D:3      | Noticed tidbits's ghost (weakling GnNe)
  2145 | D:3      | Killed from afar by tidbits's ghost

Skill      XL: |  1  2  3 |
---------------+----------+-----
Polearms       | 2 3 |  3.2
Shields        | 3 |  3.2
Fighting       | |  3.6
Armour         | |  2.6

Action                   |  1- 3 |  4- 6 || total
-------------------------+-------+-------++-------
Melee: Trident           |   141 |    36 ||   177
  Use: Potion            |     2 |       ||     2
  Eat: Chunk             |     2 |     2 ||     4
Armor: Scale mail        |    51 |     9 ||    60
Dodge: Dodged            |    38 |    11 ||    49
Block: Shield            |    56 |    10 ||    66
